 Dungeon Crawl Stone Soup version 0.23-a0-389-g4a5eb33 (webtiles) character file.

237 nixmar the Archer (level 5, 0/42 HPs)
             Began as a Centaur Hunter on Oct 30, 2018.
             Was an Initiate of Okawaru.
             Slain by a big kobold
             ... wielding a +0 short sword
              (7 damage)
             ... in a sewer.
             The game lasted 00:08:14 (2614 turns).

nixmar the Archer (Centaur Hunter)                  Turns: 2614, Time: 00:08:14

Health: 0/42       AC:  4    Str: 16    XL:     5   Next: 77%
Magic:  5/5        EV:  9    Int: 10    God:    Okawaru [......]
Gold:   150        SH:  0    Dex:  9    Spells: 4/4 levels left

rFire    . . .     SeeInvis .   b - +0 short sword
rCold    . . .     Gourm    .   (no shield)
rNeg     + . .     Faith    .   c - +0 leather armour
rPois    +         Spirit   .   (no helmet)
rElec    .         Reflect  .   (no cloak)
rCorr    .         Harm     .   (no gloves)
MR       .....                  (no barding)
Stlth    +.........             (no amulet)
HPRegen  0.14/turn              k - ring of positive energy
MPRegen  0.09/turn              o - ring of poison resistance

@: very slow
A: large, hooves 3, deformed body, speed 2, tough skin 3
a: Renounce Religion


You were in a sewer.
You worshipped Okawaru.
Okawaru was noncommittal.
You were hungry.

You visited 1 branch of the dungeon, and saw 3 of its levels.
You also visited: Sewer.

You collected 150 gold pieces.

Inventory:

Hand Weapons
 a - a +1 shortbow
 b - a +0 short sword (weapon)
Missiles
 i - 89 bolts (quivered)
Armour
 c - a +0 leather armour (worn)
Jewellery
 k - a ring of positive energy (left hand)
 o - a ring of poison resistance (right hand)
Scrolls
 l - a scroll of teleportation {unknown}
 m - a scroll of fear {unknown}
 p - a scroll of enchant armour {unknown}
 q - a scroll of identify {unknown}
Potions
 f - a potion of might {unknown}
 g - a potion of magic
 h - a potion of degeneration {unknown}
 j - a potion of agility {unknown}
 n - a potion of heal wounds {unknown}
Comestibles
 e - 5 rations


   Skills:
 + Level 2.7 Fighting
 + Level 9.0 Bows
 - Level 1.3 Dodging
 - Level 0.4 Stealth


You had 4 spell levels left.
You didn't know any spells.
Your spell library was empty.

Dungeon Overview and Level Annotations

Branches:
Dungeon (3/15)

Altars:
Fedhas
Okawaru


Innate Abilities, Weirdness & Mutations

You have hooves in place of feet.
Armour fits poorly on your strangely shaped body.
You cover ground very quickly.
You have extremely tough skin. (AC +3)


Message History

You miss the big kobold.
The big kobold is almost dead.
The big kobold hits you with a +0 short sword.
* * * LOW HITPOINT WARNING * * *
You hit the big kobold. Your kick misses the big kobold.
The big kobold is almost dead.
The big kobold hits you with a +0 short sword.
* * * LOW HITPOINT WARNING * * *
You hit the big kobold.
You kill the big kobold!
Okawaru accepts your kill.
You hear a splash.
Your Bows skill increases to level 9!
You hit the big kobold but do no damage.
Your kick misses the big kobold.
The big kobold is heavily wounded.
The big kobold barely misses you.
It was a potion of magic.
Magic courses through your body.
The big kobold hits you with a +0 short sword!
You die...

#≈# ##(# ≈≈≈# ≈(##
≈≈# ≈.# ≈≈# ≈.#
####### ≈.#
#####((K@.#
.########≈≈.≈≈#####
###.....≈≈###≈≈≈≈.#
#..≈.≈K.≈# #######
##.≈≈≈≈≈≈≈###≈≈≈≈)#
#..≈≈####≈(.≈≈#####
≈≈≈.## #####≈≈≈≈.#
≈.≈## ####### .≈≈#


You could see a big kobold.

Vanquished Creatures
  2 big kobolds (Sewer)
  Jessica (D:3)
  An adder (D:2)
  A river rat (Sewer)
  2 oozes
  A worm (Sewer)
  A dart slug (D:2)
  3 leopard geckos (D:3)
  2 ball pythons (Sewer)
  6 giant cockroaches
  5 goblins
  4 hobgoblins
  A quokka (D:2)
  4 bats
  4 frilled lizards
  3 kobolds
  2 rats
43 creatures vanquished.

Notes
Turn   | Place    | Note
-------+----------+-------------------------------------------
     0 | D:1      | nixmar the Centaur Hunter began the quest for the Orb.
     0 | D:1      | Reached XP level 1. HP: 17/17 MP: 1/1
   473 | D:1      | Reached skill level 6 in Bows
   473 | D:1      | Reached XP level 2. HP: 24/24 MP: 2/2
  1025 | D:2      | Reached XP level 3. HP: 27/29 MP: 3/3
  1161 | D:2      | Found an iron altar of Okawaru.
  1179 | D:2      | Became a worshipper of Warmaster Okawaru
  1538 | D:2      | Found a blossoming altar of Fedhas.
  1852 | D:3      | Reached skill level 7 in Bows
  1963 | D:3      | Found a glowing drain.
  1987 | D:3      | Noticed Jessica
  1993 | D:3      | Killed Jessica
  1993 | D:3      | Reached XP level 4. HP: 23/36 MP: 4/4
  2010 | Sewer    | Entered a sewer
  2202 | Sewer    | Noticed a big kobold
  2259 | Sewer    | Killed a big kobold
  2259 | Sewer    | Reached skill level 8 in Bows
  2259 | Sewer    | Reached XP level 5. HP: 16/41 MP: 5/5
  2612 | Sewer    | Reached skill level 9 in Bows
  2614 | Sewer    | Slain by a big kobold

Vault maps used:
D:1:      lightli_arrival_isolated_outpost
D:2:      old_standard_altar, fedhas_ov_isle_minmay, columned_hall_lemuel
D:3:      gup_sewer_entry_pipe, uniq_jessica
Sewer:    sewer_co_tree

Skill      XL: |  1  2  3  4  5 |
---------------+----------------+-----
Bows           | 6 7 8 9 |  9.0
Fighting       | |  2.7
Dodging        | |  1.3
Stealth        | |  0.4

Action                   |  1- 3 |  4- 6 || total
-------------------------+-------+-------++-------
Melee: Short sword       |    31 |    58 ||    89
       Kick              |     7 |    12 ||    19
 Fire: Shortbow          |    62 |    28 ||    90
  Use: Scroll            |     1 |       ||     1
       Potion            |       |     1 ||     1
  Eat: Chunk             |     2 |     1 ||     3
Armor: Leather armour    |    19 |    17 ||    36
Dodge: Dodged            |    21 |    45 ||    66

Table legend:
 A = Non-vault XP
 B = Vault XP
 C = Vault XP percentage of total XP
 D = Non-vault monster count
 E = Vault monster count
 F = Vault count percentage of total count
                 A         B        C        D         E       F
            +---------+---------+-------+---------+---------+-------
      Total |      58 |     281 |  82.9 |      24 |      19 |  44.2
            +---------+---------+-------+---------+---------+-------
        D:1 |      19 |       0 |   0.0 |       9 |       0 |   0.0
        D:2 |      35 |       0 |   0.0 |      12 |       0 |   0.0
        D:3 |       4 |      56 |  93.3 |       3 |       9 |  75.0
      Sewer |       0 |     225 | 100.0 |       0 |      10 | 100.0
            +---------+---------+-------+---------+---------+-------
